 Dungeon Crawl Stone Soup version 0.32-a0-938-g40ac7a0f4d (webtiles) character file.

Game seed: 12067885980376089121

61 Doorstop00 the Chopper (level 3, -4/34 HPs)
             Began as a Minotaur Berserker on Apr 15, 2024.
             Was a Believer of Trog.
             Slain by a ribbon worm (7 damage)
             ... on level 3 of the Dungeon.
             The game lasted 00:06:02 (1376 turns).

Doorstop00 the Chopper (Minotaur Berserker)         Turns: 1376, Time: 00:06:03

Health: -4/34      AC:  3    Str: 21    XL:     3   Next: 83%
Magic:  2/2        EV: 11    Int:  6    God:    Trog [**....]
Gold:   137        SH:  0    Dex:  9    Spells: 2/2 levels left

rFire   . . .        a - +0 hand axe
rCold   . . .        (no shield)
rNeg    . . .        b - +1 animal skin
rPois   .            (helmet restricted)
rElec   .            (no cloak)
rCorr   .            (no gloves)
SInv    .            (no boots)
Will    .....        f - amulet of regeneration
Stlth   +            (no ring)
HPRegen 1.05/turn    (no ring)
MPRegen 0.08/turn

%: no passive effects
@: no status effects
A: horns 2, retaliatory headbutt
a: Renounce Religion, Berserk, Trog's Hand


You were on level 3 of the Dungeon.
You worshipped Trog.
Trog was pleased with you.
You visited 1 branch of the dungeon, and saw 3 of its levels.

You collected 137 gold pieces.

Inventory:

Hand Weapons
 a - a +0 hand axe (weapon)
Armour
 b - a +1 animal skin (worn)
Jewellery
 f - an amulet of regeneration (around neck)
Scrolls
 e - 2 scrolls of fear
 i - a scroll of vulnerability
Potions
 c - 3 potions of heal wounds {unknown}
 d - a potion of invisibility {unknown}
 g - 2 potions of curing {unknown}
 h - a potion of degeneration {unknown}
 j - 2 potions of enlightenment {unknown}
 k - a potion of lignification {unknown}
 l - a potion of resistance {unknown}


   Skills:
 * Level 4.3 Fighting
 * Level 4.8 Axes
 * Level 2.9 Armour
 * Level 2.4 Dodging


You had 2 spell levels left.
You didn't know any spells.
Your spell library was empty.

Dungeon Overview and Level Annotations

Branches:
Dungeon (3/15)

Altars:

Shops:
D:3 [


Innate Abilities, Weirdness & Mutations

You have a pair of horns on your head.
You reflexively headbutt those who attack you in melee.


Message History

Ijyb zaps a wand.
The puff of flame hits you!
You hit Ijyb but do no damage. You headbutt Ijyb.
Ijyb is heavily wounded.
Ijyb hits you with a +0 dagger.
You barely miss Ijyb. You headbutt Ijyb, but do no damage.
Ijyb is heavily wounded.
Ijyb hits you but does no damage.
You slash Ijyb! You headbutt Ijyb.
Ijyb is almost dead.
Ijyb barely misses you.
You closely miss Ijyb.
Ijyb is almost dead.
Ijyb zaps a wand.
The puff of flame hits you!
* * * LOW HITPOINT WARNING * * *
You hit Ijyb but do no damage. You headbutt Ijyb.
You kill Ijyb!
Trog accepts your kill.
You can now call upon Trog for regeneration and willpower.
The ribbon worm expels a string of sticky webbing.
The stream of webbing hits you but does no damage.
You are caught in a web!
The web tears apart.
You hit the ribbon worm.
The ribbon worm is moderately wounded.
The ribbon worm bites you!
* * * LOW HITPOINT WARNING * * *
You hit the ribbon worm but do no damage.
The ribbon worm is moderately wounded.
The ribbon worm bites you.
* * * LOW HITPOINT WARNING * * *
You hit the ribbon worm.
The ribbon worm is moderately wounded.
The ribbon worm bites you.
* * * LOW HITPOINT WARNING * * *
You slash the ribbon worm!
The ribbon worm is severely wounded.
You hit the ribbon worm.
The ribbon worm is almost dead.
The ribbon worm bites you!
You die...

#+ #)# #. #.#
####.## #.#
...... #.#
##.... #.#
#..... #.#
###....######.#
.......†w@....#
##..#..########
..... .......
#######


You could see a ribbon worm.

Vanquished Creatures
  Ijyb (D:3)
  An adder (D:3)
  A dart slug (D:1)
  2 ball pythons (D:2)
  A bat (D:2)
  4 endoplasms
  3 giant cockroaches (D:2)
  A goblin (D:2)
  3 hobgoblins (D:1)
  A kobold (D:1)
  2 frilled lizards (D:3)
  4 rats
24 creatures vanquished.

Notes
Turn   | Place    | Note
-------+----------+-------------------------------------------
     0 | D:1      | Doorstop00 the Minotaur Berserker began the quest for the
                  | Orb.
     0 | D:1      | Reached XP level 1. HP: 19/19 MP: 0/0
   343 | D:1      | Reached XP level 2. HP: 27/27 MP: 1/1
  1298 | D:3      | Reached XP level 3. HP: 33/33 MP: 2/2
  1318 | D:3      | Found Jaid's Antique Armour Boutique.
  1345 | D:3      | Noticed Ijyb
  1370 | D:3      | Killed Ijyb
  1370 | D:3      | Reached ** piety under Trog
  1374 | D:3      | HP: 1/34 [ribbon worm (3)]
  1376 | D:3      | Slain by a ribbon worm

Illustrated notes

Levels and vault maps discovered:
D:1:      roderic_dead_forest, layout_basic
D:2:      layout_basic, reono_crystal_passage, kennysheep_generic_room_7
D:3:      kennysheep_the_goblin_king, layout_loops_corners,
          ebering_ghost_sewer_d, serial_shops,
          nicolae_shop_tiny_real_fake_doors, uniq_ijyb, uniq_sigmund

Skill      XL: |  1  2 |
---------------+-------+-----
Axes           | 4 |  4.8
Fighting       | 4 |  4.3
Armour         | |  2.9
Dodging        | |  2.4

Action                     || total
---------------------------++-------
  Melee: Hand axe          ||    46
         Headbutt          ||     8
    Use: Scroll            ||     5
 Armour: Animal skin       ||    32
  Dodge: Dodged            ||    28

Table legend: (Time is in decaauts)
 A = Elapsed time spent in this place.
 B = Non-inter-level travel time spent in this place.
 C = Inter-level travel time spent in this place.
 D = Time resting spent in this place.
 E = Time spent auto-exploring this place.
 F = Levels seen in this place.
 G = Mean time per level.
                   A        B        C        D        E       F      G
               +--------+--------+--------+--------+--------+-----+--------+
         Total |   1379 |   1346 |     33 |     34 |   1122 |   3 |  459.7 |
       Dungeon |   1379 |   1346 |     33 |     34 |   1122 |   3 |  459.7 |
               +--------+--------+--------+--------+--------+-----+--------+

Top non-repeatable levels by time:
     D:2: 714 daAuts
     D:1: 566 daAuts
     D:3: 99 daAuts
